 Dungeon Crawl Stone Soup version 0.23.2-40-g277498a001 (webtiles) character file.

Game seed: 5323373281677872398

1397 Hylith the Skirmisher (level 8, 67/67 HPs)
             Began as a Gnoll Wanderer on Sept 24, 2019.
             Was a Follower of Okawaru.
             Quit the game on level 6 of the Dungeon.
             The game lasted 00:10:44 (5169 turns).

Hylith the Skirmisher (Gnoll Wanderer)              Turns: 5169, Time: 00:10:45

Health: 67/67      AC:  9    Str: 15    XL:     8   Next: 69%
Magic:  14/14      EV:  8    Int: 15    God:    Okawaru [*.....]
Gold:   319        SH:  0    Dex: 16    Spells: 16/16 levels left

rFire    + . .     SeeInvis .   I - +1 hand axe of Courage {flame, *Drain rC++} (curse)
rCold    + . .     Gourm    .   (no shield)
rNeg     . . .     Faith    .   q - +0 chain mail
rPois    .         Spirit   .   (no helmet)
rElec    .         Reflect  .   (no cloak)
rCorr    .         Harm     .   (no gloves)
MR       .....     Rnd*Tele +   (no boots)
Stlth    ..........             (no amulet)
HPRegen  0.21/turn              G - ring of teleportation (curse)
MPRegen  0.14/turn              H - ring of fire

@: studying Armour
A: distributed training, fangs 1, strong nose
a: Heroism, Renounce Religion


You were on level 6 of the Dungeon.
You worshipped Okawaru.
Okawaru was aware of your devotion.
You were not hungry.

You visited 2 branches of the dungeon, and saw 7 of its levels.

You collected 319 gold pieces.

Inventory:

Hand Weapons
 a - a +0 hand axe
 f - a +0 war axe
 k - a +2 whip of draining
 v - the +5 mace of Indomitability {freeze, Str+6}
   (You found it on level 4 of the Dungeon)

   It has been specially enchanted to freeze those struck by it, causing extra
   injury to most foes and up to half again as much damage against particularly
   susceptible opponents.
   It can also slow down cold-blooded creatures.
   It affects your strength (+6).
 w - a +5 vampiric short sword
 I - the cursed +1 hand axe of Courage (weapon) {flame, *Drain rC++}
   (You found it on level 6 of the Dungeon)

   It has been specially enchanted to burn those struck by it, causing extra
   injury to most foes and up to half again as much damage against particularly
   susceptible opponents.
   Big, fiery blades are also staple armaments of hydra-hunters.
   It greatly protects you from cold.
   It causes draining when unequipped.
   It has a curse placed upon it.
Missiles
 y - 2 tomahawks (quivered)
Armour
 q - a +0 chain mail (worn)
Jewellery
 m - an uncursed ring of see invisible
 u - an uncursed ring of positive energy
 G - a cursed ring of teleportation (left hand)
 H - a ring of fire (right hand)
Wands
 b - a wand of flame (32)
 c - a wand of random effects (11)
 r - a wand of polymorph (12)
 A - a wand of digging (5)
Scrolls
 g - a scroll of immolation {unknown}
 h - 3 scrolls of identify {unknown}
 i - a scroll of enchant weapon {unknown}
 j - 2 scrolls of fog {unknown}
 l - 2 scrolls of remove curse {unknown}
 o - 2 scrolls of magic mapping {unknown}
 p - a scroll of noise {unknown}
 x - 2 scrolls of teleportation {unknown}
 C - a scroll of blinking {unknown}
Potions
 e - 2 potions of cancellation {unknown}
 n - a potion of degeneration {unknown}
 s - 2 potions of heal wounds {unknown}
 z - a potion of mutation {unknown}
 B - 2 potions of invisibility {unknown}
 D - a potion of ambrosia {unknown}
 E - a potion of flight {unknown}
Books
 t - a manual of Armour
Comestibles
 d - 7 rations


   Skills:
 + Level 7.4 Fighting
 + Level 3.4 Short Blades
 + Level 3.4 Long Blades
 + Level 4.3 Axes
 + Level 3.4 Maces & Flails
 + Level 3.4 Polearms
 + Level 3.4 Staves
 + Level 3.4 Slings
 + Level 3.4 Bows
 + Level 3.4 Crossbows
 + Level 3.4 Throwing
 + Level 5.1 Armour
 + Level 3.4 Dodging
 + Level 4.2 Stealth
 + Level 3.4 Shields
 + Level 3.4 Unarmed Combat
 + Level 4.5 Spellcasting
 + Level 2.8 Conjurations
 + Level 2.8 Hexes
 + Level 4.8 Charms
 + Level 2.8 Summonings
 + Level 2.8 Necromancy
 + Level 2.8 Translocations
 + Level 2.8 Transmutations
 + Level 2.8 Fire Magic
 + Level 2.8 Ice Magic
 + Level 2.8 Air Magic
 + Level 2.8 Earth Magic
 + Level 2.8 Poison Magic
 + Level 3.8 Invocations
 + Level 4.3 Evocations


You had 16 spell levels left.
You didn't know any spells.
Your spell library contained the following spells:

 Spells                   Type           Power        Failure   Level  Hunger
 Corona                   Hex            ##.....      67%         1    None
 Ensorcelled Hibernation  Hex/Ice        ##....       82%         2    ##.....
 Confuse                  Hex            ##......     96%         3    ###....
 Dazzling Spray           Conj/Hex       ##....       96%         3    ###....
 Tukima's Dance           Hex            ##......     96%         3    ###....


Dungeon Overview and Level Annotations

Branches:
Dungeon (6/15)             Temple (1/1) D:4

Altars:
Ashenzari
Dithmenos
Elyvilon
Makhleb
Nemelex Xobeh
Okawaru
Qazlal
Ru
Sif Muna
Wu Jian
Zin

Shops:
D:4 *


Innate Abilities, Weirdness & Mutations

Your experience applies equally to all skills.
You have very sharp teeth.
Your uncanny sense of smell can sniff out nearby items.


Message History

No target in view!
No target in view!
No target in view!
No target in view!
No target in view!
No target in view!
e - 2 amethyst potions (gained 1)
You now have 319 gold pieces (gained 7).
Things that are here:
a +0 mace; a cursed -1 leather armour; a +0 mace
Found a stone staircase leading up.
All of the chunks of flesh in your inventory have rotted away.
There is a stone staircase leading up here.
You feel strangely unstable.
You are suddenly yanked towards a nearby monster!
Your surroundings suddenly seem different.
A bullfrog comes into view.
The bullfrog gives a loud, deep croak!
Found a stone staircase leading down.
Are you sure you want to abandon this character and quit the game? (Confirm with "yes".)

#..#
#.##............
..#............
∆
#..............
#.............
#.......>...#
..#.......F...#
..............#
.......@......#
..##..........#
#..........#
#.....######
#######


You could see a bullfrog.

Vanquished Creatures
  Sigmund (D:3)
  Duvessa (D:4)
  2 ice beasts
  A centaur (D:3)
  The ghost of Quickbrownfox the Insei, an amateur OpTm (D:3)
  Dowan (D:4)
  A howler monkey (D:6)
  2 crimson imps (D:6)
  A hound (D:5)
  An orc priest (D:5)
  A gnoll shaman (D:3)
  A bullfrog skeleton (D:6)
  Jessica (D:3)
  4 orc wizards
  5 worker ants
  3 worker ant zombies
  7 gnolls (D:3)
  3 adders
  A shadow imp (D:2)
  3 oozes
  An adder zombie (D:6)
  4 worms (D:2)
  2 dart slugs (D:3)
  6 leopard geckos
  11 orcs
  2 ball pythons
  5 bats
  3 giant cockroaches
  10 goblins
  7 hobgoblins
  3 jackals (D:3)
  3 quokkas
  9 frilled lizards
  A giant cockroach zombie (D:5)
  5 kobolds
  10 rats
123 creatures vanquished.

Vanquished Creatures (others)
  2 plants (D:3)
2 creatures vanquished.

Grand Total: 125 creatures vanquished

Notes
Turn   | Place    | Note
-------+----------+-------------------------------------------
     0 | D:1      | Hylith the Gnoll Wanderer began the quest for the Orb.
     0 | D:1      | Hylith set off with the following items: a +0 hand axe, a
                  | wand of flame (15), a +0 robe, a ration
     0 | D:1      | Reached XP level 1. HP: 23/23 MP: 4/4
    74 | D:1      | Reached XP level 2. HP: 28/29 MP: 5/5
   584 | D:1      | Reached XP level 3. HP: 33/35 MP: 7/7
  1139 | D:2      | Reached skill level 1 in Invocations
  1224 | D:2      | Reached skill level 1 in Short Blades
  1224 | D:2      | Reached skill level 1 in Long Blades
  1224 | D:2      | Reached skill level 1 in Maces & Flails
  1224 | D:2      | Reached skill level 1 in Polearms
  1224 | D:2      | Reached skill level 1 in Staves
  1224 | D:2      | Reached skill level 1 in Slings
  1224 | D:2      | Reached skill level 1 in Bows
  1224 | D:2      | Reached skill level 1 in Crossbows
  1224 | D:2      | Reached skill level 1 in Throwing
  1224 | D:2      | Reached skill level 1 in Dodging
  1224 | D:2      | Reached skill level 1 in Shields
  1224 | D:2      | Reached skill level 1 in Unarmed Combat
  1354 | D:2      | Reached XP level 4. HP: 32/41 MP: 8/8
  1421 | D:2      | Found a glowing silver altar of Zin.
  1736 | D:3      | Noticed Sigmund
  1747 | D:3      | Killed Sigmund
  1747 | D:3      | Reached skill level 1 in Conjurations
  1747 | D:3      | Reached skill level 1 in Hexes
  1747 | D:3      | Reached skill level 1 in Summonings
  1747 | D:3      | Reached skill level 1 in Necromancy
  1747 | D:3      | Reached skill level 1 in Translocations
  1747 | D:3      | Reached skill level 1 in Transmutations
  1747 | D:3      | Reached skill level 1 in Fire Magic
  1747 | D:3      | Reached skill level 1 in Ice Magic
  1747 | D:3      | Reached skill level 1 in Air Magic
  1747 | D:3      | Reached skill level 1 in Earth Magic
  1747 | D:3      | Reached skill level 1 in Poison Magic
  1747 | D:3      | Reached XP level 5. HP: 47/47 MP: 9/9
  1747 | D:3      | Reached XP level 6. HP: 53/53 MP: 10/10
  2128 | D:3      | Found a transporter.
  2139 | D:3      | Found a transporter.
  2139 | D:3      | Noticed Quickbrownfox's ghost (amateur OpTm)
  2500 | D:3      | Killed Quickbrownfox's ghost
  2500 | D:3      | Reached XP level 7. HP: 43/59 MP: 12/12
  2601 | D:3      | Reached skill level 7 in Fighting
  3057 | D:3      | Noticed Jessica
  3075 | D:3      | Killed Jessica
  3500 | D:4      | Found a staircase to the Ecumenical Temple.
  3523 | Temple   | Entered the Ecumenical Temple
  3546 | Temple   | Became a worshipper of Warmaster Okawaru
  3608 | D:4      | Found an ornate altar of the Wu Jian Council.
  3625 | D:4      | Got a dazzling mace
  3626 | D:4      | Identified the +5 mace of Indomitability {freeze, Str+6}
                  | (You found it on level 4 of the Dungeon)
  3703 | D:4      | Noticed Duvessa
  3703 | D:4      | Noticed Dowan
  3717 | D:4      | Killed Duvessa
  3731 | D:4      | Killed Dowan
  3750 | D:4      | Found a shattered altar of Ashenzari.
  3783 | D:4      | Reached XP level 8. HP: 36/67 MP: 14/14
  3818 | D:4      | Found Kyxzu's Assorted Antiques.
  3955 | D:5      | Entered Level 5 of the Dungeon
  3962 | D:5      | Found a white marble altar of Elyvilon.
  4125 | D:5      | Reached * piety under Okawaru
  4902 | D:6      | Reached skill level 5 in Armour
  4996 | D:6      | Got an encrusted hand axe
  4997 | D:6      | Identified the cursed +1 hand axe of Courage {flame, *Drain
                  | rC++} (You found it on level 6 of the Dungeon)
  5169 | D:6      | Quit the game

Skill      XL: |  1  2  3  4  5  6  7  8 |
---------------+-------------------------+-----
Invocations    | 1 2 3 |  3.8
Short Blades   | 1 2 3 |  3.4
Long Blades    | 1 2 3 |  3.4
Maces & Flails | 1 2 3 |  3.4
Polearms       | 1 2 3 |  3.4
Staves         | 1 2 3 |  3.4
Slings         | 1 2 3 |  3.4
Bows           | 1 2 3 |  3.4
Crossbows      | 1 2 3 |  3.4
Throwing       | 1 2 3 |  3.4
Dodging        | 1 2 3 |  3.4
Shields        | 1 2 3 |  3.4
Unarmed Combat | 1 2 3 |  3.4
Spellcasting   | 3 4 |  4.5
Axes           | 3 4 |  4.3
Armour         | 3 4 5 |  5.1
Conjurations   | 1 2 |  2.8
Hexes          | 1 2 |  2.8
Charms         | 4 |  4.8
Summonings     | 1 2 |  2.8
Necromancy     | 1 2 |  2.8
Translocations | 1 2 |  2.8
Transmutations | 1 2 |  2.8
Fire Magic     | 1 2 |  2.8
Ice Magic      | 1 2 |  2.8
Air Magic      | 1 2 |  2.8
Earth Magic    | 1 2 |  2.8
Poison Magic   | 1 2 |  2.8
Evocations     | 3 4 |  4.3
Stealth        | 3 4 |  4.2
Fighting       | 7 |  7.4

Action                   |  1- 3 |  4- 6 |  7- 9 || total
-------------------------+-------+-------+-------++-------
Melee: Hand axe          |   121 |    11 |    13 ||   145
       Bite              |    13 |     7 |    29 ||    49
       War axe           |       |    61 |    31 ||    92
       Punch             |       |     1 |     3 ||     4
       Unarmed           |       |     5 |       ||     5
       Whip              |       |       |    53 ||    53
       Mace              |       |       |    29 ||    29
       Short sword       |       |       |   142 ||   142
Evoke: Wand              |       |       |     2 ||     2
  Use: Potion            |       |       |     2 ||     2
 Stab: Sleeping          |     5 |       |       ||     5
  Eat: Chunk             |     1 |     4 |     7 ||    12
       Ration            |       |       |     2 ||     2
Armor: Ring mail         |    45 |       |       ||    45
       Chain mail        |    10 |    34 |   147 ||   191
       Skin              |       |     4 |     9 ||    13
Dodge: Dodged            |    53 |    44 |   103 ||   200
